 Dungeon Crawl Stone Soup version 0.30.1 (webtiles) character file.

Game seed: 7477675948079136108

3185 CrazyBamboolord the Chopper (level 9, -4/81 (82) HPs)
             Began as a Naga Fighter on July 12, 2023.
             Was a Believer of Cheibriados.
             Slain by a wight
             ... wielding a +5 short sword
              (14 damage)
             ... on level 8 of the Dungeon.
             The game lasted 00:17:18 (6003 turns).

CrazyBamboolord the Chopper (Naga Fighter)          Turns: 6003, Time: 00:17:18

HP:   -4/81 (82)    AC:  3    Str: 27    XL:     9   Next: 95%
MP:   11/11         EV: 14    Int: 13    God:    Cheibriados [**....]
Gold: 322           SH:  6    Dex: 19    Spells: 8/8 levels left

rFire   . . .        a - +4 war axe "Xeach" {drain, rPois Dex+2}
rCold   + . .        c - +0 buckler
rNeg    . . .        n - +5 robe of Misfortune {Harm *Corrode *Slow EV+5}
rPois   +            (no helmet)
rElec   .            f - +0 cloak
rCorr   .            v - +0 pair of gloves
SInv    +            (no barding)
Will    +....        w - amulet of the acrobat
Stlth   ++           y - ring of protection from cold
HPRegen 0.33/turn    (no ring)
MPRegen 0.12/turn

%: corrode self (3%), slow self (1%), harm (+30% outgoing, +20% incoming),
acrobat
@: corroded, lightly drained, very slow
A: AC +3, large, see invisible, deformed body, poison resistance, slowness 2,
spit poison 1, naga tail 1
a: Spit Poison, Renounce Religion, Bend Time


You were on level 8 of the Dungeon.
You worshipped Cheibriados.
Cheibriados was pleased with you.
You visited 1 branch of the dungeon, and saw 8 of its levels.

You collected 322 gold pieces.

Inventory:

Hand Weapons
 a - the +4 war axe "Xeach" (weapon) {drain, rPois Dex+2}
   (You took it off an orc on level 7 of the Dungeon)

   Dex:       It affects your dexterity (+2).
   rPois:     It protects you from poison.
 b - the +11 sling "Bips" {heavy, rElec rN+ Str-5}
   (You took it off a goblin on level 2 of the Dungeon)

   Str:       It affects your strength (-5).
   rElec:     It insulates you from electricity.
   rN:        It protects you from negative energy.
Armour
 c - a +0 buckler (worn)
 f - a +0 cloak (worn)
 n - the +5 robe of Misfortune (worn) {Harm *Corrode *Slow EV+5}
   (You found it on level 2 of the Dungeon)

   EV:        It affects your evasion (+5).
   *Corrode:  It may corrode you when you take damage.
   *Slow:     It may slow you when you take damage.
   Harm:      It increases damage dealt and taken.
 p - a +0 scale mail
 v - a +0 pair of gloves (worn)
Jewellery
 w - an amulet of the acrobat (around neck)
 y - a ring of protection from cold (left hand)
Scrolls
 e - a scroll of magic mapping
 k - 2 scrolls of fear
 l - 2 scrolls of teleportation {unknown}
 o - 3 scrolls of fog
 r - a scroll of poison {unknown}
 s - 2 scrolls of blinking {unknown}
 t - 4 scrolls of noise
 x - a scroll of summoning {unknown}
 B - a scroll of vulnerability {unknown}
 C - a scroll of enchant weapon
Potions
 d - 3 potions of might
 i - a potion of attraction
 j - a potion of resistance {unknown}
 m - a potion of mutation {unknown}
 u - a potion of lignification {unknown}
 z - a potion of invisibility {unknown}
 A - a potion of berserk rage {unknown}


   Skills:
 * Level 6.2 Fighting
 * Level 6.9 Axes
 * Level 5.9 Ranged Weapons
 * Level 5.4 Armour
 * Level 4.9 Shields
 * Level 3.3 Invocations


You had 8 spell levels left.
You didn't know any spells.
Your spell library contained the following spells:

 Spells                   Type           Power      Damage    Failure   Level
 Magic Dart               Conj           0%         1d3       34%         1
 Shock                    Conj/Air       0%         1d3       34%         1
 Sting                    Tmut/Pois      0%         1d3       34%         1
 Lesser Beckoning         Tloc           0%         N/A       47%         2
 Poisonous Vapours        Pois/Air       0%         N/A       47%         2
 Scorch                   Fire           0%         2d5       47%         2
 Searing Ray              Conj           0%         2d4       47%         2
 Gell's Gravitas          Tloc           0%         N/A       71%         3
 Swiftness                Air            0%         N/A       71%         3
 Teleport Other           Tloc           0%         N/A       71%         3
 Airstrike                Air            0%         2d(0-16)  98%         4
 Flame Wave               Conj/Fire      0%         2d4       98%         4
 Fulminant Prism          Conj/Hex       0%         3d5       98%         4
 Olgreb's Toxic Radiance  Pois           0%         N/A       98%         4
 Summon Lightning Spire   Summ/Air       0%         N/A       98%         4
 Summon Cactus Giant      Summ           0%         N/A       100%        6
 Storm Form               Tmut/Air       0%         N/A       100%        7
 Maxwell's Capacitive Co  Air            0%         ∞         100%        8


Dungeon Overview and Level Annotations

Branches:
Dungeon (8/15)             Temple (0/1) D:6
   Lair: D:8-11

Altars:
Ashenzari
Cheibriados
Fedhas
Qazlal
Ru
Vehumet
Yredelemnul
The Shining One

Annotations:
D:8 Grum


Innate Abilities, Weirdness & Mutations

Your serpentine skin is tough. (AC +3)
You have supernaturally acute eyesight. (SInv)
Armour fits poorly on your strangely shaped body.
Your system is resistant to poisons. (rPois)
You cover ground very slowly.
You can spit poison.
You have a snake-like lower body.


Message History

* * * LOW HITPOINT WARNING * * *
The wolf closely misses you. The wolf bites you!
* * * LOW HITPOINT WARNING * * *
The wolf barely misses you. Grum misses you.
As you read the scroll of fear, it crumbles to dust.
You assume a fearsome visage.
Grum looks frightened!
The wolf looks frightened! x3
The wight is unaffected. x2
You feel much better. The wight hits you with a +2 falchion.
You hit the wight.
The wight is moderately damaged.
The wight hits you with a +2 falchion!
* * * LOW HITPOINT WARNING * * *
Unknown command.
You slash the wight!
You destroy the wight!
Cheibriados thoroughly appreciates the change of pace.
You feel better.
Aiming: Spit Poison (1% risk of failure)
Press: ? - help, Q - select action, (/) - cycle Shift-Dir - straight line
Okay, then.
You barely miss the wight.
The wight hits you with a +5 short sword.
* * * LOW HITPOINT WARNING * * *
You closely miss the wight.
The wight hits you with a +5 short sword.
* * * LOW HITPOINT WARNING * * *
Unknown command.
You hit the wight.
The wight is lightly damaged.
You block the wight's attack.
You hit the wight but do no damage.
The wight is lightly damaged.
You block the wight's attack.
The wight hits you with a +5 short sword.
* * * LOW HITPOINT WARNING * * *
You feel drained.
* * * LOW HITPOINT WARNING * * *
You feel better.
The wight hits you with a +5 short sword!
You die...

.. #..#..#..##......
.....#..#..#......##..
.....#..#.#...........
.....#..#.#...##.###.
.............##.# .
.................
.#.##..)#.#...##...
........z...........
#.....@..#........
#............##..
#.#..#...........
....####.#...##( .....
..#..... #### #.#.....
.# .$##


You could see a wight.

Vanquished Creatures
  Sigmund (D:6)
  2 steam dragons (D:6)
  Menkaure (D:4)
  Edmund (D:6)
  Duvessa (D:5)
  4 black bears
  An ice beast (D:6)
  2 orc warriors
  A sky beast (D:7)
  A wolf (D:8)
  An ogre (D:5)
  3 phantoms
  A kobold brigand (D:8)
  3 bullfrogs
  6 scorpions
  Dowan (D:5)
  2 wights (D:8)
  A howler monkey (D:5)
  A hound (D:5)
  An orc priest (D:6)
  2 gnoll boudas
  A jelly (D:5)
  A sleepcap (D:5)
  3 iguanas
  Terence (D:2)
  2 orc wizards (D:6)
  7 gnolls
  3 adders
  2 shadow imps
  A white imp (D:5)
  An ufetubus (D:5)
  A worm (D:4)
  A dart slug (D:3)
  15 orcs
  5 bats
  5 endoplasms
  2 giant cockroaches
  6 goblins
  5 hobgoblins
  4 jackals
  A quokka (D:4)
  2 ball pythons
  2 frilled lizards (D:3)
  10 kobolds
  3 rats
  A spectral orc (D:5)
122 creatures vanquished.

Notes
Turn   | Place    | Note
-------+----------+-------------------------------------------
     0 | D:1      | CrazyBamboolord the Naga Fighter began the quest for the
                  | Orb.
     0 | D:1      | Reached XP level 1. HP: 21/21 MP: 1/1
   272 | D:1      | Reached XP level 2. HP: 28/28 MP: 2/2
   898 | D:2      | Found a faded altar of an unknown god.
   905 | D:2      | Reached XP level 3. HP: 34/34 MP: 3/3
   949 | D:2      | Found the +5 robe of Misfortune {Harm *Corrode *Slow EV+5}
  1021 | D:2      | Noticed Terence
  1025 | D:2      | Identified the +11 sling "Bips" {heavy, rElec rN+ Str-5}
  1031 | D:2      | Killed Terence
  1032 | D:2      | Reached XP level 4. HP: 5/42 MP: 4/4
  1303 | D:2      | Identified the +1 rapier "Kuptuz" {spect, rC++}
  1422 | D:2      | Found a sacrificial altar of Ru.
  2027 | D:4      | Noticed Menkaure
  2031 | D:4      | Killed Menkaure
  2032 | D:4      | Reached XP level 5. HP: 25/50 MP: 5/5
  2172 | D:4      | Reached XP level 6. HP: 21/57 MP: 6/6
  2355 | D:4      | Noticed a black bear
  2362 | D:4      | Reached skill level 1 in Ranged Weapons
  2365 | D:4      | Killed a black bear
  2637 | D:4      | Found a radiant altar of Vehumet.
  3041 | D:5      | Entered Level 5 of the Dungeon
  3149 | D:5      | Reached XP level 7. HP: 52/64 MP: 7/7
  3549 | D:5      | Found the +7 staff of the Meek {protect, meekguard}
  3583 | D:5      | Noticed Dowan
  3586 | D:5      | Noticed Duvessa
  3604 | D:5      | Killed Duvessa
  3610 | D:5      | Killed Dowan
  3611 | D:5      | Reached XP level 8. HP: 43/70 MP: 8/8
  3768 | D:5      | Reached skill level 5 in Axes
  3999 | D:5      | Found a sacrificial altar of Ru.
  4000 | D:5      | Found a glowing golden altar of the Shining One.
  4003 | D:5      | Found a snail-covered altar of Cheibriados.
  4004 | D:5      | Found a broken altar of Ashenzari.
  4007 | D:5      | Became a worshipper of Cheibriados the Contemplative
  4159 | D:5      | Found a basalt altar of Yredelemnul.
  4202 | D:6      | Reached skill level 1 in Invocations
  4259 | D:6      | Reached skill level 5 in Fighting
  4359 | D:6      | Reached skill level 5 in Armour
  4467 | D:6      | Reached XP level 9. HP: 81/81 MP: 10/10
  4474 | D:6      | Found a staircase to the Ecumenical Temple.
  4539 | D:6      | Noticed Sigmund
  4540 | D:6      | Noticed Edmund
  4554 | D:6      | Killed Edmund
  4560 | D:6      | Killed Sigmund
  4561 | D:6      | Reached skill level 5 in Ranged Weapons
  4580 | D:6      | Identified the +1 flail of Luurug {drain, MP-9 Str+3
                  | Stlth+}
  4760 | D:6      | Reached * piety under Cheibriados
  5261 | D:7      | Identified the +4 war axe "Xeach" {drain, rPois Dex+2}
  5314 | D:7      | Found a blossoming altar of Fedhas.
  5510 | D:7      | Reached ** piety under Cheibriados
  5827 | D:7      | Found a stormy altar of Qazlal.
  5984 | D:8      | Noticed Grum
  6002 | D:8      | HP: 3/81 [wight/+5 short sword (2)]
  6003 | D:8      | Slain by a wight

Illustrated notes

Levels and vault maps discovered:
D:1:      elethiomel_arrival_maze, layout_basic, minmay_splitting_lines
D:2:      layout_loops_ring, shapermc_ecumenical_altar_pompeii, basic_altar,
          chequers_serial_rivers_micro_d, minmay_misc_feat_cross, uniq_terence
D:3:      layout_rooms
D:4:      layout_layer_cave, mainiacjoe_overflow_concentric_impassable,
          uniq_menkaure
D:5:      layout_loops_ring, yredelemnul_forgotten_temple_becter, minitemple,
          uniq_duvessa
D:6:      layout_cave_pools, minmay_temple_entry_statues_pillars,
          sigmund_edmund_badplayer
D:7:      layout_loops_corners, mainiacjoe_overflow_paths,
          nicolae_qazlal_eye_of_the_storm
D:8:      layout_basic, uniq_erica, uniq_grum

Skill      XL: |  1  2  3  4  5  6  7  8  9 |
---------------+----------------------------+-----
Shields        | 3 4 |  4.9
Armour         | 3 4 5 |  5.4
Axes           | 3 4 5 6 |  6.9
Fighting       | 4 5 6 |  6.2
Ranged Weapons | 1 3 4 5 |  5.9
Invocations    | 2 3 |  3.3

Action                     |  1- 3 |  4- 6 |  7- 9 || total
---------------------------+-------+-------+-------++-------
  Melee: War axe           |    41 |    44 |   128 ||   213
   Fire: Sling             |       |    26 |    76 ||   102
Ability: Spit Poison       |    17 |    15 |     6 ||    38
    Use: Scroll            |       |     6 |     4 ||    10
         Potion            |       |       |     4 ||     4
   Stab: Sleeping          |       |       |     1 ||     1
 Armour: Scale mail        |    28 |    40 |    30 ||    98
         Robe              |       |       |    37 ||    37
  Dodge: Dodged            |    17 |    23 |   109 ||   149
  Block: Buckler           |    12 |    14 |    53 ||    79
